 Dungeon Crawl Stone Soup version 0.26-b1-32-g5d43845318 (webtiles) character file.

Game seed: 14649692779310445083

115123 inmateoo the Spry (level 16, -3/99 (106) HPs)
             Began as a Tengu Gladiator on Jan 10, 2021.
             Was a High Priest of Wu Jian.
             Killed from afar by an orc sorcerer (12 damage)
             ... with a bolt of fire
             ... while paralysed by an orc sorcerer
             ... on level 2 of the Orcish Mines.
             The game lasted 00:48:32 (24006 turns).

inmateoo the Spry (Tengu Gladiator)                Turns: 24006, Time: 00:48:32

HP:   -3/99 (106)   AC: 10    Str: 17    XL:     16   Next: 67%
MP:   36/36         EV:  2    Int: 13    God:    Wu Jian [*****.]
Gold: 2569          SH:  0    Dex: 21    Spells: 24/28 levels left

rFire    + . .     SeeInvis +   r - +9 short sword of Qazlal's Delight {pain, +Fly rC+}
rCold    + . .     Faith    .   m - +0 buckler
rNeg     . . .     Spirit   .   b - +1 leather armour of Beogh's Grace {*Contam rF+ rCorr Str+2 Slay+4}
rPois    +         Reflect  .   z - +2 hat {Int+3}
rElec    .         Harm     .   c - +1 cloak
rCorr    +         Rampage  .   H - +0 pair of gloves
Will     +....                  (boots unavailable)
Stlth    +++.......             k - amulet of regeneration
HPRegen  0.66/turn              M - ring of Zyxkaz {+Inv MP+9 EV+4 Slay+3 SInv}
MPRegen  0.25/turn              y - ring of poison resistance

@: paralysed, exhausted, flying quickly and evasively, drained, quick
A: beak, talons 3, subdued magic 1, able to fly
a: Stop Flying, Renounce Religion, Evoke Invisibility, Wall Jump, Serpent's
Lash, Heavenly Storm


You were on level 2 of the Orcish Mines.
You worshipped Wu Jian.
Wu Jian was extremely pleased with you.
You visited 3 branches of the dungeon, and saw 23 of its levels.
You also visited: Sewer, Gauntlet and Ice Cave.

You collected 2569 gold pieces.

Inventory:

Hand Weapons
 r - the +9 short sword of Qazlal's Delight (weapon) {pain, +Fly rC+}
   (You found it on level 4 of the Dungeon)

   In the hands of one skilled in necromantic magic, it inflicts extra damage on
   living creatures.
   It protects you from cold.
   It lets you fly.
 P - a +2 long sword of venom
Missiles
 d - 5 throwing nets
 j - 25 poisoned darts
 G - 12 curare-tipped darts (quivered)
Armour
 b - the +1 leather armour of Beogh's Grace (worn) {*Contam rF+ rCorr Str+2 Slay+4}
   (You found it on level 6 of the Dungeon)

   It affects your strength (+2).
   It affects your accuracy and damage with ranged weapons and melee attacks
   (+4).
   It protects you from fire.
   It causes magical contamination when unequipped.
   It provides partial protection from all sources of acid and corrosion.
 c - a +1 cloak (worn)
 m - a +0 buckler (worn)
 z - a +2 hat of intelligence (worn)
 H - a +0 pair of gloves (worn)
Jewellery
 k - an amulet of regeneration (around neck)
 y - a ring of poison resistance (right hand)
 F - an uncursed ring of resist corrosion
 M - the ring of Zyxkaz (left hand) {+Inv MP+9 EV+4 Slay+3 SInv}
   (You found it in a Gauntlet)

   [ring of evasion]

   It affects your evasion (+4).
   It affects your accuracy and damage with ranged weapons and melee attacks
   (+3).
   It affects your magic capacity (+9).
   It lets you see invisible.
   It lets you turn invisible.
 S - the ring of Temperance {rElec AC+4}
   (You took it off a minotaur in a Gauntlet)

   [ring of protection]

   It affects your AC (+4).
   It insulates you from electricity.
 U - an uncursed ring of ice
Wands
 n - a wand of random effects (37)
 t - a wand of flame (29)
 x - a wand of enslavement (6)
 B - a wand of polymorph (25)
 I - a wand of acid (11)
 O - a wand of digging (5)
 V - a wand of paralysis (4)
 X - a wand of disintegration (20)
Scrolls
 e - 5 scrolls of identify
 f - 12 scrolls of remove curse
 h - 11 scrolls of teleportation
 i - 4 scrolls of amnesia
 o - 4 scrolls of fog
 q - 6 scrolls of enchant weapon
 v - 3 scrolls of fear
 A - a scroll of magic mapping
 L - 3 scrolls of enchant armour
 Q - a scroll of vulnerability
 R - a scroll of silence
 T - 2 scrolls of blinking
Potions
 a - 2 potions of ambrosia
 g - 12 potions of curing
 l - 6 potions of cancellation
 s - 3 potions of attraction
 u - 4 potions of resistance
 w - 5 potions of heal wounds
 C - 7 potions of lignification
 D - 5 potions of might
 E - 4 potions of haste
 K - a potion of mutation
 W - a potion of brilliance
Miscellaneous
 p - a tin of tremorstones (2/2)
 J - a phantom mirror
 N - a box of beasts


   Skills:
 - Level 14.0 Fighting
 - Level 14.0 Long Blades
 - Level 2.0 Throwing
 - Level 5.0 Armour
 + Level 17.7 Dodging
 + Level 3.7 Stealth
 - Level 5.0 Shields
 + Level 6.9 Spellcasting
 + Level 4.1 Summonings
 + Level 10.9 Air Magic
 - Level 6.0 Evocations


You had 24 spell levels left.
You knew the following spells:

 Your Spells              Type           Power        Failure   Level
a - Summon Lightning Spi  Summ/Air       18%          7%          4

Your spell library contained the following spells:

 Spells                   Type           Power        Failure   Level
 Summon Small Mammal      Summ           44%          2%          1
 Poisonous Vapours        Pois/Air       28%          2%          2
 Call Imp                 Summ           11%          3%          2
 Call Canine Familiar     Summ           11%          8%          3
 Mephitic Cloud           Conj/Pois/Air  10%          10%         3
 Animate Skeleton         Necr           6%           16%         1
 Beastly Appendage        Tmut           6%           16%         1
 Pain                     Necr           12%          16%         1
 Sandblast                Erth           6%           16%         1
 Sting                    Tmut/Pois      12%          16%         1
 Summon Guardian Golem    Hex/Summ       7%           21%         3
 Blink                    Tloc           N/A          24%         2
 Passwall                 Tmut/Erth      2%           24%         2
 Wereblood                Tmut           3%           24%         2
 Gell's Gravitas          Tloc           1%           45%         3
 Ignite Poison            Fire/Tmut/Pois 3%           45%         3
 Lesser Beckoning         Tloc           1%           45%         3
 Spider Form              Tmut/Pois      1%           45%         3
 Stone Arrow              Conj/Erth      6%           45%         3
 Teleport Other           Tloc           3%           45%         3
 Summon Ice Beast         Ice/Summ       7%           56%         4
 Dispel Undead            Necr           3%           86%         4
 Ice Form                 Ice/Tmut       3%           86%         4
 Olgreb's Toxic Radiance  Pois           3%           86%         4
 Passage of Golubria      Tloc           N/A          86%         4
 Petrify                  Tmut/Erth      3%           86%         4
 Agony                    Necr           3%           99%         5
 Blade Hands              Tmut           1%           99%         5
 Lee's Rapid Deconstruct  Erth           1%           99%         5
 Metabolic Englaciation   Hex/Ice        1%           99%         5
 Freezing Cloud           Conj/Ice/Air   5%           99%         6
 Shadow Creatures         Summ           N/A          99%         6
 Ozocubu's Refrigeration  Ice            1%           100%        6
 Simulacrum               Ice/Necr       1%           100%        6
 Summon Hydra             Summ           5%           100%        7


Dungeon Overview and Level Annotations

Branches:
Dungeon (15/15)            Temple (0/1) D:7            Lair (6/6) D:8
  Swamp (0/4) Lair:2        Snake (0/4) Lair:4        Slime (0/5) Lair:5
    Orc (2/2) D:10            Elf (0/3) Orc:2        Vaults (0/5) D:14
 Depths (0/5) D:15          Sewer (visited)           IceCv (visited)
Gauntlet (visited)

Altars:
Ashenzari
Kikubaaqudgha
Makhleb
Okawaru
Sif Muna
Trog
Vehumet
Wu Jian
Beogh

Shops:
D:11 !   Orc:2 (!}

Portals:
Trove: D:13 (show slimy rune of Zot)

Annotations:
D:10 3 runed translucent doors
D:13 3 runed translucent doors, MisterFreud's ghost, journeyman MiFi


Innate Abilities, Weirdness & Mutations

You have a beak for a mouth.
You have claws for feet.
You can fly continuously.
Your spells are a little easier to cast, but a little less powerful.


Message History

The orc wizard casts a spell at you. The puff of flame hits you. You resist.
The sixfirhy hits you! The sixfirhy shocks you!
An orc wizard comes into view. It is wielding a +0 dagger.
The orc sorcerer gestures at you while chanting.
The bolt of negative energy hits the sixfirhy.
The sixfirhy completely resists.
The bolt of negative energy hits you!!
You feel drained.
* * * LOW HITPOINT WARNING * * *
The orc hits you but does no damage.
The orc sorcerer gestures at you while chanting.
The bolt of fire hits you!! You resist.
* * * LOW HITPOINT WARNING * * *
The orc wizard points at itself and mumbles some strange words.
The orc wizard flickers and vanishes for a moment.
The orc wizard looks satisfied for a moment.
The orc sorcerer mumbles some strange words.
The orc sorcerer casts a spell at you. The bolt of fire hits you! You resist.
You die...

§≈§ ≈≈.8§§§§.8.≈≈#
≈.§§§§§§§§..≈#
≈.§≈§§§.≈§..≈##
..8§§§§o.o8o.∩#
≈.§≈≈...≈≈..≈#
§...≈≈o≈≈o.§§#
#####≈..8.§≈≈o8.§§#####
##§≈§##....§843@..##≈≈§##
##≈≈§..##....o.)..##..§≈≈##
#≈###8..##.......##..8###§##
§≈#_.)...###'''###....._#≈≈#
≈.#.))).............)...#.≈#
≈.8..).....§............8.≈#
#....).)§.≈≈≈≈≈≈§..†......##
##........≈#####≈........##
≈#'#+###...#####.§§###'#+#


You could see a sixfirhy (summoned), 2 orc sorcerers, a red devil (summoned), 4
orc wizards and an orc.

Vanquished Creatures
  Gastronok (D:12)
  A frost giant (IceCv)
  2 orc warlords
  Nessos (D:15)
  A minotaur (Gauntlet)
  2 rakshasas (D:15)
  A boulder beetle (D:13)
  14 hydras
  4 two-headed ogres
  3 centaur warriors
  A catoblepas (Lair:3)
  2 ogre magi (Orc:2)
  2 death scarabs (Gauntlet)
  A death yak (IceCv)
  The ghost of p0werm0de the Fighter, a novice MiFi of Cheibriados (D:9)
  Nergalle (Orc:2)
  A deep elf knight (D:14)
  10 skeletal warriors
  2 unseen horrors
  A swamp dragon (Lair:2)
  2 wizards
  The ghost of emiel the Slasher, a novice NaFi of Okawaru (D:6)
  A spectral hydra (Gauntlet)
  Pikel (D:7)
  An orc knight (D:10)
  4 manticores
  A mana viper (Lair:3)
  13 deep elf magi
  8 orc sorcerers
  A spectral boulder beetle (Gauntlet)
  17 ugly things
  4 cyclopes
  4 black mambas
  9 elephants
  14 cane toads
  3 gargoyles
  Maggie (D:6)
  3 rime drakes
  A rime drake (shapeshifter) (D:15)
  A komodo dragon (shapeshifter) (Gauntlet)
  6 komodo dragons
  3 yaktaurs (D:14)
  5 trolls
  A jumping spider (shapeshifter) (Gauntlet)
  8 hornets
  23 polar bears
  A blink frog (shapeshifter) (D:15)
  8 blink frogs
  A meliai zombie (D:14)
  12 slime creatures
  6 dream sheep
  A slime creature (shapeshifter) (D:15)
  A wyvern (D:9)
  12 spriggans (Lair:6)
  A shadow (D:13)
  2 humans (shapeshifter)
  3 wraiths
  3 basilisks
  47 yaks
  A yak (shapeshifter) (Gauntlet)
  A spectral komodo dragon (Gauntlet)
  4 fire bats (D:12)
  A warg (Orc:1)
  6 two-headed ogre zombies (D:12)
  Menkaure (D:5)
  2 vampire mosquitoes (D:13)
  A spectral cane toad (Gauntlet)
  An acid dragon (D:15)
  Duvessa (D:6)
  17 water moccasins
  A hell hound (D:12)
  8 black bears
  6 ice beasts
  2 sky beasts (D:11)
  A swamp drake (shapeshifter) (D:15)
  A hornet zombie (D:15)
  An eye of draining (D:5)
  A swamp drake (Lair:4)
  9 ogres
  3 phantoms
  21 orc warriors
  7 boggarts
  43 wolves
  A tengu (shapeshifter) (Gauntlet)
  12 centaurs
  3 big kobolds
  4 lemures (D:7)
  26 bullfrogs
  A wyvern zombie (D:14)
  A gnoll sergeant (D:6)
  Dowan (D:6)
  6 killer bees (D:9)
  4 scorpions
  14 wights
  4 howler monkeys
  2 lava snakes (D:12)
  A quasit (D:9)
  A centaur zombie (D:5)
  5 jellies
  9 hounds
  27 orc wizards
  2 bullfrog skeletons
  A gnoll shaman (D:5)
  13 orc priests
  A wyvern simulacrum (D:14)
  9 centaur skeletons
  6 iguanas
  2 merfolk sirens (Sewer)
  14 worker ants
  A merfolk avatar (Sewer)
  A killer bee zombie (D:6)
  A hound skeleton (D:8)
  A howler monkey zombie (D:7)
  13 gnolls
  2 howler monkey skeletons
  22 adders
  7 river rats
  3 shadow imps
  3 white imps
  2 ufetubi
  An ooze (D:5)
  A dart slug (D:3)
  81 orcs
  8 giant cockroaches
  6 goblins
  6 hobgoblins
  8 jackals
  18 kobolds
  3 quokkas
  8 ball pythons
  12 bats
  14 frilled lizards
  A leopard gecko skeleton (D:4)
  32 rats
  3 fire vortices (D:12)
854 creatures vanquished.

Vanquished Creatures (collateral kills)
  An orc warrior (Orc:1)
1 creature vanquished.

Vanquished Creatures (others)
  A deep elf mage (Orc:1)
  Maurice (D:12)
  A polar bear (IceCv)
  A black bear (D:9)
  An orc priest (D:9)
  An orc wizard (D:9)
  3 orcs (D:9)
  41 fungi
  38 plants
  4 toadstools (D:3)
  2 withered plants (D:9)
94 creatures vanquished.

Grand Total: 949 creatures vanquished

Notes
Turn   | Place    | Note
-------+----------+-------------------------------------------
     0 | D:1      | inmateoo the Tengu Gladiator began the quest for the Orb.
     0 | D:1      | Reached XP level 1. HP: 12/12 MP: 2/2
   168 | D:1      | Reached XP level 2. HP: 9/17 MP: 3/3
   808 | D:2      | Reached XP level 3. HP: 22/22 MP: 4/4
  1108 | D:2      | Found a broken altar of Ashenzari.
  1150 | D:2      | Found an ornate altar of the Wu Jian Council.
  1223 | D:2      | Became a worshipper of the Wu Jian Council
  1331 | D:2      | Reached XP level 4. HP: 27/27 MP: 5/5
  1382 | D:2      | You fall into a shaft and drop 1 floor!
  1502 | D:3      | Found a bloodstained altar of Trog.
  1647 | D:3      | Reached skill level 4 in Dodging
  1805 | D:3      | Found a shimmering blue altar of Sif Muna.
  1816 | D:3      | Reached * piety under Wu Jian
  1864 | D:3      | Found a glowing drain.
  1870 | D:3      | Gained mutation: You can fly continuously. [Tengu growth]
  1870 | D:3      | Reached XP level 5. HP: 32/32 MP: 6/6
  1879 | D:3      | Reached skill level 5 in Long Blades
  1899 | Sewer    | Entered a sewer
  2085 | Sewer    | Reached XP level 6. HP: 31/37 MP: 7/7
  2112 | Sewer    | Reached ** piety under Wu Jian
  2445 | D:3      | Identified Sif Muna's Collected Works on Necromancy
  2569 | D:3      | Reached skill level 5 in Dodging
  2767 | D:4      | Reached XP level 7. HP: 43/43 MP: 8/8
  3092 | D:4      | Got a masterwork short sword
  3093 | D:4      | Identified the +9 short sword of Qazlal's Delight {pain,
                  | +Fly rC+} (You found it on level 4 of the Dungeon)
  3286 | D:5      | Entered Level 5 of the Dungeon
  3410 | D:5      | Found an iron altar of Okawaru.
  3464 | D:5      | Noticed Menkaure
  3484 | D:5      | Reached XP level 8. HP: 48/48 MP: 9/9
  3488 | D:5      | Killed Menkaure
  3489 | D:5      | Reached skill level 5 in Fighting
  3489 | D:5      | Reached skill level 6 in Dodging
  3665 | D:5      | Found an ancient bone altar of Kikubaaqudgha.
  3754 | D:5      | Reached *** piety under Wu Jian
  4529 | D:6      | Noticed Duvessa
  4531 | D:6      | Noticed Dowan
  4533 | D:6      | Reached skill level 10 in Long Blades
  4548 | D:6      | Killed Duvessa
  4549 | D:6      | Reached XP level 9. HP: 44/54 MP: 10/10
  4552 | D:6      | Killed Dowan
  4717 | D:6      | Found a transporter.
  4722 | D:6      | Noticed emiel's ghost (novice NaFi)
  4730 | D:6      | Got an ichor-stained leather armour
  4741 | D:6      | Identified the +1 leather armour of Beogh's Grace {*Contam
                  | rF+ rCorr Str+2 Slay+4} (You found it on level 6 of the
                  | Dungeon)
  4889 | D:6      | Reached skill level 7 in Dodging
  5142 | D:6      | Found a transporter.
  5452 | D:6      | Killed emiel's ghost
  5453 | D:6      | Reached skill level 8 in Dodging
  5494 | D:6      | Reached **** piety under Wu Jian
  5559 | D:7      | Noticed Maggie
  5592 | D:6      | Killed Maggie
  5593 | D:6      | Reached skill level 9 in Dodging
  5593 | D:6      | Reached XP level 10. HP: 64/64 MP: 11/11
  5638 | D:7      | Found a staircase to the Ecumenical Temple.
  5726 | D:7      | Noticed Pikel
  5730 | D:7      | Killed Pikel
  6515 | D:8      | Reached skill level 10 in Dodging
  6639 | D:8      | Found a staircase to the Lair.
  6986 | D:8      | Reached ***** piety under Wu Jian
  7305 | D:9      | Reached skill level 11 in Dodging
  7306 | D:9      | Reached skill level 10 in Fighting
  7334 | D:9      | Reached XP level 11. HP: 69/72 MP: 12/12
  7540 | D:9      | Noticed a two-headed ogre
  7547 | D:9      | Killed a two-headed ogre
  7692 | D:9      | Found a runed translucent door.
  7696 | D:9      | Noticed p0werm0de's ghost (novice MiFi)
  7996 | D:10     | Entered Level 10 of the Dungeon
  7998 | D:10     | Noticed a cyclops
  8000 | D:10     | Killed a cyclops
  8004 | D:10     | Found a runed translucent door.
  8005 | D:10     | Noticed a two-headed ogre
  8056 | D:10     | Found a burning altar of Makhleb.
  8089 | D:10     | Found a staircase to the Orcish Mines.
  8453 | D:10     | Killed an unseen horror
  8598 | D:10     | Noticed a cyclops
  8604 | D:10     | Killed a cyclops
  8605 | D:10     | Reached skill level 12 in Dodging
  8605 | D:10     | Noticed a wizard
  8605 | D:10     | Noticed a skeletal warrior
  8609 | D:10     | Noticed a five-headed hydra
  8612 | D:10     | Killed a wizard
  8771 | D:10     | Killed a five-headed hydra
  8917 | D:10     | Found a runed translucent door.
  8927 | D:10     | Noticed a deep elf mage
  8933 | D:10     | Killed a deep elf mage
  8940 | D:10     | Identified the Catalogue of Evil Magic
  8965 | D:10     | Identified the +1 broad axe of Kishioli {freeze, rC+ Int-3
                  | SInv} (You found it on level 10 of the Dungeon)
  9028 | D:10     | Found a runed translucent door.
  9028 | D:10     | Noticed a deep elf archer
  9186 | D:10     | Killed a skeletal warrior
  9187 | D:10     | Reached skill level 1 in Armour
  9187 | D:10     | Reached skill level 1 in Shields
  9232 | D:11     | Noticed a five-headed hydra
  9612 | D:11     | Noticed a cyclops
 10004 | D:10     | Killed a cyclops
 10216 | D:11     | Found Hiuqe's Distillery.
 10323 | D:11     | Reached XP level 12. HP: 81/81 MP: 13/13
 10973 | D:12     | Noticed an eight-headed hydra
 11203 | D:12     | Noticed a two-headed ogre
 11233 | D:12     | Killed a two-headed ogre
 11386 | D:11     | Killed an eight-headed hydra
 11563 | D:12     | Noticed Maurice
 11563 | D:12     | Noticed Gastronok
 11576 | D:12     | Killed Gastronok
 11708 | D:12     | Killed Maurice
 12177 | D:11     | Reached skill level 5 in Armour
 12295 | D:12     | Reached skill level 13 in Dodging
 12566 | D:13     | Noticed a centaur warrior
 12578 | D:13     | Killed a centaur warrior
 12579 | D:13     | Reached skill level 5 in Shields
 12579 | D:13     | Reached skill level 1 in Evocations
 12579 | D:13     | Reached XP level 13. HP: 72/87 MP: 14/14
 12667 | D:13     | Found a portal to a secret trove of treasure.
 12780 | D:13     | Found a runed translucent gate.
 12780 | D:13     | Found a runed translucent gate.
 12780 | D:13     | Found a runed translucent gate.
 12786 | D:13     | Found an ancient bone altar of Kikubaaqudgha.
 12786 | D:13     | Noticed a lich
 12787 | D:13     | Found the brooch of Shielding {Spirit SH+8}
 12787 | D:13     | Noticed a lich
 12787 | D:13     | Noticed a lich
 12787 | D:13     | Noticed a lich
 12787 | D:13     | Noticed MisterFreud's ghost (journeyman MiFi)
 13785 | D:14     | Reached skill level 5 in Evocations
 13841 | D:14     | Reached skill level 14 in Dodging
 13899 | D:14     | Reached XP level 14. HP: 69/95 MP: 15/15
 14194 | D:14     | Found a gate to the Vaults.
 14591 | D:15     | Entered Level 15 of the Dungeon
 14618 | D:15     | Found a broken altar of Ashenzari.
 14779 | D:15     | Reached skill level 1 in Air Magic
 14796 | D:15     | Reached skill level 1 in Spellcasting
 15014 | D:15     | Reached ****** piety under Wu Jian
 15021 | D:15     | Found a staircase to the Depths.
 15175 | D:15     | Noticed Nessos
 15184 | D:15     | Killed Nessos
 15807 | D:9      | Killed p0werm0de's ghost
 15960 | Lair:1   | Entered Level 1 of the Lair of Beasts
 15969 | Lair:1   | Reached skill level 5 in Air Magic
 16679 | Lair:2   | Reached skill level 15 in Dodging
 16718 | Lair:2   | Found a staircase to the Swamp.
 16803 | Lair:2   | Found a frozen archway.
 16817 | IceCv    | Entered an ice cave
 16891 | IceCv    | Identified the Handbook of the Escort
 17044 | IceCv    | Reached XP level 15. HP: 100/100 MP: 22/22
 17318 | IceCv    | Noticed a frost giant
 17350 | IceCv    | Killed a frost giant
 17432 | IceCv    | Got a clouded ruby amulet
 17442 | IceCv    | Identified the amulet of Jianass {Acrobat rElec rF- Int+4}
                  | (You found it in an ice cave)
 17925 | Lair:3   | Reached skill level 5 in Spellcasting
 17935 | Lair:3   | You are sucked into a shaft and drop 2 floors!
 18054 | Lair:4   | Found a gate leading to a gauntlet.
 18063 | Gauntlet | Entered a Gauntlet
 18063 | Gauntlet | Found a transporter.
 18063 | Gauntlet | Found a transporter.
 18063 | Gauntlet | Found a transporter.
 18067 | Gauntlet | Found a transporter.
 18079 | Gauntlet | Found a transporter.
 18100 | Gauntlet | Found a transporter.
 18123 | Gauntlet | Found a transporter.
 18142 | Gauntlet | Found a transporter.
 18150 | Gauntlet | Found a transporter.
 18168 | Gauntlet | Found a transporter.
 18212 | Gauntlet | Found a transporter.
 18222 | Gauntlet | Found a transporter.
 18283 | Gauntlet | Got a shimmering wooden ring
 18296 | Gauntlet | Identified the ring "Razoesh" {*Tele Str+2} (You found it
                  | in a Gauntlet)
 18347 | Gauntlet | Got a shimmering bronze ring
 18384 | Gauntlet | Identified the ring of Zyxkaz {+Inv MP+9 EV+4 Slay+3 SInv}
                  | (You found it in a Gauntlet)
 18429 | Gauntlet | Identified the ring of Temperance {rElec AC+4}
 18450 | Gauntlet | Identified the +3 scale mail of the Blessed Realm {rElec
                  | Stlth+} (You found it in a Gauntlet)
 18686 | Lair:4   | Found a staircase to the Snake Pit.
 19487 | Lair:3   | Noticed Sonja
 19494 | Lair:3   | Noticed Sonja
 19494 | Lair:3   | Sonja changed into Sonja the mana viper
 19500 | Lair:3   | Killed Sonja the mana viper
 20206 | Lair:5   | Reached skill level 16 in Dodging
 20650 | Lair:5   | Reached skill level 10 in Air Magic
 20798 | Lair:5   | Found a staircase to the Slime Pits.
 21418 | Lair:6   | Entered Level 6 of the Lair of Beasts
 21758 | Lair:6   | Reached XP level 16. HP: 98/106 MP: 26/26
 21873 | Lair:6   | Reached skill level 17 in Dodging
 22070 | Lair:6   | Learned a level 4 spell: Summon Lightning Spire
 22130 | Lair:6   | Reached skill level 1 in Summonings
 22136 | Lair:6   | Reached skill level 1 in Stealth
 22751 | Orc:1    | Entered Level 1 of the Orcish Mines
 22803 | Orc:1    | Paralysed by an orc sorcerer for 7 turns
 23211 | Orc:1    | Gained mutation: Your spells are a little easier to cast,
                  | but a little less powerful. [a neqoxec]
 23504 | Orc:2    | Entered Level 2 of the Orcish Mines
 23728 | Orc:2    | Found a staircase to the Elven Halls.
 23869 | Orc:2    | Found Havvosh's Gadget Shoppe.
 23894 | Orc:2    | Found Munamong's Antique Weapon Emporium.
 23921 | Orc:2    | Found a radiant altar of Vehumet.
 23954 | Orc:2    | Noticed Nergalle
 23958 | Orc:2    | Found an ancient bone altar of Kikubaaqudgha.
 23962 | Orc:2    | Killed Nergalle
 23997 | Orc:2    | Found a roughly hewn altar of Beogh.
 23997 | Orc:2    | Found Lusiow's Distillery.
 24004 | Orc:2    | Paralysed by an orc sorcerer for 2 turns
 24006 | Orc:2    | Killed from afar by an orc sorcerer

Illustrated notes

Levels and vault maps discovered:
D:1:      dpeg_arrival_round_b, layout_rooms, serial_curves, eino_curves_04,
          eino_curves_04, eino_curves_03, eino_curves_04
D:2:      layout_basic, nzn_wu_jian_council_hall,
          nicolae_overflow_crystal_walls, dancing_weapons_uskayaw
D:3:      layout_loops_ring, marbit_many_paths, portal_sewer_entry_b,
          minmay_gold_behind_fungi, led_sif_book
D:4:      layout_loops_ring, nicolae_overflow_hidden_temple
D:5:      layout_basic, general_overflow_altar, okawaru_metal_pillars_1_2,
          uniq_menkaure
D:6:      layout_loops_cross, gammafunk_ghost_arena, uniq_duvessa
D:7:      layout_basic, minmay_temple_entry_tees, uniq_maggie, uniq_pikel
D:8:      layout_loops_cross, due_lair_maze_entry_diamond
D:9:      layout_basic, gammafunk_ghost_grave, lemuel_flame_loot_1
D:10:     minmay_the_grid_four_pointed_star
          [minmay_the_grid_triangle_9x9_shrine,
          minmay_the_grid_triangle_9x9_impossible_snake,
          minmay_the_grid_triangle_9x9_fully_insulated_deathbox,
          minmay_the_grid_triangle_9x9_from_above,
          minmay_the_grid_prize_trominoes], layout_cave_pools
D:11:     layout_stronghold, serial_shops, nicolae_shop_waterfront,
          serial_column_ruins, column_ruins_open_tiny,
          column_ruins_columns_corner, column_ruins_columns_plus,
          column_ruins_corridor_corner, column_ruins_columns_straight,
          column_ruins_open_tiny, grunt_ministairs_8, minmay_fountain_box
D:12:     lemuel_ogre_cave, layout_rooms, kennysheep_donut,
          hangedman_incinerator, uniq_fannar, uniq_maurice, uniq_gastronok,
          uniq_psyche
D:13:     layout_rooms, enter_trove_1, gammafunk_ghost_crypt,
          minmay_misc_feat_tiny
D:14:     layout_stronghold, hangedman_vaults_entry_quadrant_bands,
          hangedman_abyss_or_decor_lesser_grid
D:15:     gammafunk_enter_depths_forms, layout_loops_ring,
          nicolae_ashenzari_panopticon, uniq_nessos
Lair:1:   layout_gridlike
Lair:2:   layout_hall_layers, minmay_swamp_entry_reptiles,
          portal_ice_cave_entry_pillars_1
Lair:3:   layout_regular_city, beast_lair_carwin_7, uniq_sonja
Lair:4:   layout_small_grid, dummy_snake_entry, gauntlet_entry_generic,
          st_stairs_8, hibernation_bobbens
Lair:5:   layout_layer_cave, minmay_slime_entry_pillars, grunt_megastairs_2
Lair:6:   minmay_lair_end_enchanted_forest, layout_cave_pods
Orc:1:    cheibrodos_orc_arena, layout_caves, elves_outpost_lemuel
Orc:2:    kennysheep_orc_mage_school, layout_diamond_mine

Skill      XL: |  1  2  3  4  5  6  7  8  9 10 11 12 13 14 15 16 |
---------------+-------------------------------------------------+-----
Long Blades    | 4 5 6 7 10 11 12 13 14 | 14.0
Dodging        | 4 5 6 9 11 12 13 14 15 16 17 | 17.7
Fighting       | 3 4 5 8 10 12 13 14 | 14.0
Armour         | 2 5 |  5.0
Shields        | 2 5 |  5.0
Evocations     | 1 5 6 |  6.0
Air Magic      | 6 10 | 10.9
Spellcasting   | 4 6 |  6.9
Summonings     | 4 |  4.1
Stealth        | 3 |  3.7
Throwing       | |  2.0

Action                   |  1- 3 |  4- 6 |  7- 9 | 10-12 | 13-15 | 16-18 || total
-------------------------+-------+-------+-------+-------+-------+-------++-------
Melee: Long sword        |    62 |   188 |    28 |       |       |       ||   278
       Kick              |    19 |    56 |    96 |   284 |   713 |   190 ||  1358
       Peck              |    10 |    35 |    57 |   165 |   443 |   118 ||   828
       Short sword       |       |       |   239 |   562 |  1275 |   492 ||  2568
Throw: Dart              |       |       |     5 |     6 |     2 |       ||    13
 Cast: Summon Lightning  |       |       |       |       |       |     3 ||     3
Invok: Lunge             |     1 |    14 |    24 |    54 |    70 |    25 ||   188
       Whirlwind         |       |     4 |    10 |    39 |   146 |   106 ||   305
       Serpent's Lash    |       |       |       |     5 |    25 |    11 ||    41
       Heavenly Storm    |       |       |       |     1 |       |     2 ||     3
 Abil: Fly               |       |     1 |       |       |       |       ||     1
       Wall Jump         |       |       |       |     4 |     1 |     3 ||     8
Evoke: Wand              |       |       |       |    11 |     1 |       ||    12
  Use: Scroll            |       |     4 |     6 |    13 |    12 |       ||    35
       Potion            |       |       |       |     1 |     3 |       ||     4
 Stab: Sleeping          |       |    13 |    13 |    13 |     6 |     3 ||    48
       Distracted        |       |       |     1 |     2 |     1 |       ||     4
Armor: Leather armour    |    15 |    23 |    17 |    32 |    53 |    24 ||   164
Dodge: Dodged            |    56 |   113 |   182 |   494 |   849 |   304 ||  1998
Block: Buckler           |       |       |       |    11 |   234 |    95 ||   340
       Rpst.: Long sword |    18 |    32 |     8 |       |       |       ||    58
